Map: Lerilak Crest

Players

MelloW (Nina) - Winner!

  • Race: Protoss Protoss
  • League: Grandmaster

Zanster

  • Race: Zerg Zerg

Event: DreamHack ROCCAT LotV Championship

VOD

Have the link to the VOD?

Description

Time

  • Played on: Nov. 26, 2015, 1:01 p.m.
  • Length: 10:17

All games in this series

Show
View Real Time Build Order
Export as new Build Order

MelloW Protoss - Winner!

Build Orders: Nexus First 

Get SALT Encoding   

  12  0:00  Probe (Chrono Boost)  
  13  0:11  Probe (Chrono Boost)  
  14  0:17  Pylon  
  14  0:22  Probe (Chrono Boost)  
  15  0:36  Probe (Chrono Boost)  
  16  0:46  Probe (Chrono Boost)  
  17  0:57  Nexus  
  17  1:00  Probe (Chrono Boost)  
  18  1:10  Gateway  
  18  1:14  Probe (Chrono Boost)  
  19  1:19  Assimilator  
  19  1:24  Probe (Chrono Boost)  
  20  1:27  Assimilator  
  20  1:35  Probe (Chrono Boost)  
  20  1:37  Pylon  
  21  1:45  Probe (Chrono Boost)  
  22  1:57  Probe (Chrono Boost)  
  22  1:58  Gateway  
  23  2:04  Cybernetics Core  
  23  2:08  Probe (Chrono Boost)  
  24  2:11  Probe (Chrono Boost)  
  25  2:18  Probe (Chrono Boost)  
  25  2:22  Probe (Chrono Boost)  
  27  2:29  Probe (Chrono Boost)  
  28  2:32  Probe (Chrono Boost)  
  29  2:39  Probe (Chrono Boost)  
  29  2:41  Adept (Chrono Boost)  
  29  2:43  Probe (Chrono Boost)  
  33  2:44  Warp Gate (Chrono Boost)  
  33  2:45  Adept (Chrono Boost)  
  33  2:50  Mothership Core (Chrono Boost)  
  37  2:54  Pylon  
  37  2:55  Probe (Chrono Boost)  
  38  3:07  Sentry, Probe (Chrono Boost)  
  38  3:11  Probe (Chrono Boost)  
  42  3:16  Sentry  
  42  3:18  Probe (Chrono Boost)  
  42  3:19  Gateway  
  45  3:21  Gateway  
  45  3:24  Probe (Chrono Boost)  
  46  3:28  Gateway  
  46  3:30  Probe (Chrono Boost)  
  47  3:34  Probe (Chrono Boost)  
  47  3:40  Probe (Chrono Boost)  
  49  3:45  Probe (Chrono Boost)  
  50  3:51  Probe (Chrono Boost)  
  50  3:55  Probe (Chrono Boost), Robotics Facility  
  52  4:01  Probe (Chrono Boost)  
  53  4:06  Probe (Chrono Boost)  
  53  4:07  Assimilator  
  54  4:10  Pylon  
  54  4:12  Assimilator  
  54  4:20  Pylon  
  54  4:26  Pylon  
  54  4:27  Probe (Chrono Boost)  
  54  4:28  Probe (Chrono Boost)  
  56  4:37  Probe  
  56  4:41  Probe  
  56  4:45  Robotics Bay  
  58  4:47  Sentry, Observer  
  58  4:48  Probe, Adept x3  
  68  4:54  Probe  
  68  4:57  Pylon  
  69  5:05  Nexus  
  69  5:08  Probe  
  69  5:11  Pylon  
  70  5:15  Immortal (Chrono Boost)  
  74  5:21  Stalker x3  
  76  5:31  Sentry x2  
  76  5:33  Pylon  
  75  5:36  Pylon  
  75  5:47  Pylon  
  74  5:50  Pylon  
  74  5:52  Disruptor (Chrono Boost)  
  74  5:56  Pylon  
  77  5:57  Pylon x2  
  77  6:04  Sentry, Pylon  
  73  6:06  Adept x3  
  73  6:10  Probe  
  67  6:11  Probe  
  62  6:19  Adept  
  62  6:24  Probe  
  65  6:30  Pylon  
  65  6:31  Adept  
  65  6:32  Adept x2  
  71  6:33  Probe  
  72  6:47  Adept  
  72  6:51  Probe  
  72  6:53  Probe  
  69  6:57  Disruptor (Chrono Boost)  
  72  7:04  Probe  
  72  7:05  Probe  
  72  7:06  Nexus  
  74  7:09  Pylon  
  74  7:10  Pylon  
  74  7:16  Probe  
  74  7:19  Sentry x2  
  74  7:22  Probe  
  80  7:27  Adept  
  80  7:28  Probe  
  80  7:29  Warp Prism (Chrono Boost)  
  85  7:36  Sentry x2  
  89  7:39  Pylon  
  89  7:42  Pylon  
  89  7:44  Adept x2  
  93  7:56  Pylon  
  93  8:02  Disruptor (Chrono Boost)  
  93  8:04  Adept x3  
  102  8:09  Adept x2  
  106  8:21  Twilight Council  
  106  8:27  Probe  
  106  8:29  Adept x3  
  113  8:39  Adept x2  
  117  8:45  Gravitic Drive  
  108  9:07  Adept x3, Disruptor (Chrono Boost)  
  108  9:08  Adept  
  115  9:13  Probe  
  114  9:18  Probe  
  114  9:22  Assimilator x2  
  108  9:31  Stalker  
  108  9:32  Stalker x3  
  116  9:39  Pylon  
  116  9:59  Gateway  
  119  10:01  Gateway  
  119  10:03  Gateway  
  119  10:05  Stalker x3  
  119  10:06  Adept  
  119  10:07  Adept  
Show
View Real Time Build Order
Export as new Build Order

Zanster Zerg 

Build Orders: 3 Hatch before Pool 

Get SALT Encoding   

  12  0:00  Drone  
  13  0:12  Overlord  
  13  0:16  Drone  
  14  0:30  Drone  
  14  0:31  Drone  
  14  0:35  Drone  
  17  0:52  Hatchery  
  17  0:55  Drone  
  17  0:57  Drone  
  18  1:18  Hatchery  
  17  1:21  Drone  
  17  1:24  Drone  
  19  1:27  Extractor  
  18  1:39  Spawning Pool  
  17  1:42  Drone  
  17  1:44  Drone  
  19  1:52  Drone  
  20  2:00  Drone  
  21  2:05  Drone  
  22  2:11  Drone  
  22  2:15  Drone  
  24  2:24  Overlord  
  24  2:26  Queen x2  
  28  2:32  Metabolic Boost  
  28  2:34  Drone  
  29  2:37  Drone  
  29  2:40  Drone  
  29  2:42  Drone  
  32  2:49  Queen  
  34  2:55  Zergling x4  
  34  2:57  Zergling x2  
  37  3:00  Zergling x2  
  37  3:01  Zergling x2  
  37  3:04  Zergling x2  
  40  3:07  Drone x2  
  40  3:11  Overlord  
  42  3:16  Overlord  
  42  3:34  Roach Warren  
  42  3:35  Drone x4  
  42  3:36  Drone x2  
  42  3:38  Drone x2  
  42  3:40  Drone  
  49  3:42  Drone  
  49  3:45  Extractor  
  49  3:48  Extractor  
  48  3:49  Drone  
  48  3:51  Overlord  
  48  3:53  Drone  
  48  3:54  Drone  
  51  4:11  Overlord  
  51  4:14  Roach x6  
  51  4:16  Roach  
  65  4:18  Overlord  
  65  4:29  Overlord  
  65  4:32  Roach x2  
  65  4:34  Zergling x8  
  73  4:40  Zergling x6  
  73  4:44  Ravager  
  73  4:45  Ravager x3  
  80  4:48  Zergling x2  
  80  4:49  Zergling x4  
  83  5:00  Zergling x2  
  83  5:01  Zergling x12  
  83  5:02  Overlord  
  84  5:22  Zergling x2  
  84  5:23  Zergling x14  
  84  5:28  Zergling x10  
  91  5:32  Ravager x5  
  96  5:37  Overlord  
  96  5:44  Zergling x2  
  96  5:47  Overlord  
  97  5:54  Overlord  
  91  6:07  Overlord  
  91  6:09  Zergling x22  
  92  6:11  Lair  
  82  6:22  Drone x6  
  80  6:25  Evolution Chamber  
  80  6:27  Drone  
  80  6:34  Drone x2  
  82  6:45  Roach x7  
  82  6:53  Roach x3  
  74  6:57  Roach  
  74  6:58  Roach x2  
  74  6:59  Roach  
  82  7:02  Roach  
  82  7:05  Zerg Missile Weapons Level 1  
  82  7:07  Ravager x3  
  87  7:14  Roach, Zergling x4  
  91  7:21  Glial Reconstitution  
  91  7:26  Roach, Zergling x2  
  91  7:27  Zergling x12  
  101  7:30  Zergling x4  
  101  7:34  Zergling x6  
  101  7:36  Zergling x2  
  106  7:37  Zergling x2  
  106  7:42  Overlord  
  107  7:46  Zergling x4  
  107  7:47  Ravager  
  107  7:48  Ravager  
  111  7:56  Roach, Zergling x6  
  111  7:57  Roach x3  
  122  8:00  Roach, Zergling x2  
  125  8:07  Roach, Zergling x8  
  131  8:17  Overlord  
  131  8:18  Roach  
  125  8:21  Roach, Zergling x2  
  125  8:24  Roach  
  125  8:25  Roach x3  
  136  8:32  Overlord  
  136  8:33  Overlord  
  136  8:38  Roach x4  
  144  8:42  Overlord  
  141  8:52  Roach, Zergling x4  
  142  9:00  Roach x3, Zergling x4  
  142  9:01  Zergling x4  
  133  9:07  Roach x4  
  133  9:09  Roach  
  125  9:14  Roach  
  120  9:18  Roach x2  
  120  9:22  Roach x2  
  112  9:30  Roach x3  
  111  9:33  Roach  
  113  9:39  Extractor  
  113  9:40  Roach x3  
  113  9:41  Zergling x2  
  113  9:43  Roach  
  120  9:48  Roach x2  
  123  9:52  Roach  
  123  9:53  Zergling x4  
  123  9:58  Roach x2, Zergling x2  

Tags
 
Add a new tag
Caveats
  • Supply blocks, unpowered buildings, or Contaminate may cause inaccurate times.
  • Supply counts are checked every 10 seconds.